 Dungeon Crawl Stone Soup version 0.21-a0-331-gfb491b4 (webtiles) character file.

12909 tidbits the Infuser (level 12, -2/93 HPs)
             Began as a Gnoll Skald on Oct 2, 2017.
             Was an Elder of Cheibriados.
             Slain by a sun demon (11 damage)
             ... summoned by an orc sorcerer
             ... while paralysed by an orc sorcerer
             ... on level 2 of the Orcish Mines.
             The game lasted 00:36:53 (4674 turns).

tidbits the Infuser (Gnoll Skald)                   Turns: 4674, Time: 00:36:54

Health: -2/93      AC: 14    Str: 27    XL:     12   Next: 0%
Magic:  27/33      EV:  2    Int: 30    God:    Cheibriados [****..]
Gold:   725        SH:  0    Dex: 23    Spells: 13/27 levels left

rFire    . . .     SeeInvis +   Y - +0 battleaxe (elec)
rCold    . . .     Gourm    .   (shield currently unavailable)
rNeg     + . .     Faith    .   I - +2 scale mail {rPois}
rPois    +         Spirit   .   (no helmet)
rElec    .         Reflect  .   C - +2 cloak {+Inv}
rCorr    .         Harm     .   (no gloves)
MR       .....                  F - +0 pair of boots
Stlth    +++.......             R - amulet of regeneration
HPRegen  0.65/turn              e - ring of positive energy
MPRegen  0.23/turn              L - ring of Xom's Recklessness {MP+9 Str+4 SInv}

@: paralysed, singing, very slightly contaminated, very slow
A: distributed training, fangs 1, strong nose
a: Bend Time, Temporal Distortion, Slouch, Renounce Religion, Evoke Invisibility


You were on level 2 of the Orcish Mines.
You worshipped Cheibriados.
Cheibriados was greatly pleased with you.
You were very hungry.

You visited 3 branches of the dungeon, and saw 12 of its levels.

You collected 725 gold pieces.

Inventory:

Hand Weapons
 a - a +0 hand axe
 b - a +4 flail of crushing
   (You took it off Edmund on level 6 of the Dungeon)
 i - a +1 trident of protection
   (You found it on level 3 of the Dungeon)
 x - a +2 flail of holy wrath
   (You took it off an orc on level 5 of the Dungeon)
 y - a +0 hunting sling
 T - a +0 war axe of freezing
   (You took it off an orc warrior on level 9 of the Dungeon)
 V - a +0 hand crossbow
 W - a +0 morningstar
 Y - a +0 battleaxe of electrocution (weapon)
   (You took it off an orc warrior on level 1 of the Orcish Mines)
Missiles
 g - 178 arrows
 q - 4 tomahawks of returning
 P - 8 javelins
 Z - 7 tomahawks (quivered)
Armour
 w - a +1 robe of fire resistance
   (You took it off Sigmund on level 2 of the Dungeon)
 z - a +0 ring mail
 B - a +2 scale mail of magic resistance
   (You found it on level 8 of the Dungeon)
 C - a +2 cloak of invisibility (worn)
   (You took it off Crazy Yiuf on level 2 of the Dungeon)
 D - a +0 buckler
 F - a +0 pair of boots (worn)
 I - a +2 scale mail of poison resistance (worn)
   (You took it off an orc priest on level 9 of the Dungeon)
Jewellery
 e - a ring of positive energy (left hand)
   (You found it on level 1 of the Dungeon)
 L - the ring of Xom's Recklessness (right hand) {MP+9 Str+4 SInv}
   (You found it on level 6 of the Dungeon)

   [ring of magical power]

   It affects your strength (+4).
   It affects your magic capacity (+9).
   It lets you see invisible.
 Q - an uncursed ring of fire
   (You found it on level 8 of the Dungeon)
 R - an amulet of regeneration (around neck)
   (You found it on level 7 of the Dungeon)
Wands
 o - a wand of flame (20/48)
 t - a wand of lightning (3/15)
 v - a wand of polymorph (10/24)
 O - a wand of acid (10/15)
Scrolls
 j - a scroll of noise {unknown}
 m - a scroll of fear {unknown}
 p - a scroll of teleportation
 r - 4 scrolls of remove curse
 s - a scroll of enchant armour {unknown}
 u - a scroll of magic mapping {unknown}
 A - a scroll of immolation {unknown}
 G - 2 scrolls of blinking {unknown}
 N - 2 scrolls of enchant weapon
 S - 2 scrolls of amnesia {unknown}
Potions
 k - a potion of heal wounds
 l - a potion of haste {unknown}
 n - 2 potions of brilliance
 J - 3 potions of magic
 M - 4 potions of curing
 X - 4 potions of lignification
Books
 c - a book of Battle

   Spells                             Type                      Level
   a - Infusion                       Charms                       1
   b - Shroud of Golubria             Charms/Translocation         2
   c - Song of Slaying                Charms                       2
   d - Spectral Weapon                Hexes/Charms                 3
   e - Regeneration                   Charms/Necromancy            3
 H - a Grand Grimoire
   (You found it on level 3 of the Dungeon)

   Spells                             Type                      Level
   a - Monstrous Menagerie            Summoning                    7
   b - Summon Greater Demon           Summoning                    7
   c - Malign Gateway                 Summoning/Translocation      7
   d - Summon Horrible Things         Summoning                    8
 K - a book of Misfortune
   (You found it on level 8 of the Dungeon)

   Spells                             Type                      Level
   a - Confusing Touch                Hexes                        1
   b - Confuse                        Hexes                        3
   c - Gell's Gravitas                Translocation                3
   d - Petrify                        Transmutation/Earth          4
   e - Metabolic Englaciation         Hexes/Ice                    5
   f - Yara's Violent Unravelling     Hexes/Transmutation          5
 U - a book of Flames
   (You found it on level 6 of the Dungeon)

   Spells                             Type                      Level
   a - Flame Tongue                   Conjuration/Fire             1
   b - Throw Flame                    Conjuration/Fire             2
   c - Conjure Flame                  Conjuration/Fire             3
   d - Inner Flame                    Hexes/Fire                   3
   e - Sticky Flame                   Conjuration/Fire             4
   f - Fireball                       Conjuration/Fire             5
Comestibles
 d - 9 bread rations
 f - 10 meat rations
 h - 3 chunks of flesh
 E - 3 royal jellies


   Skills:
 + Level 8.2 Fighting
 + Level 6.7 Short Blades
 + Level 6.7 Long Blades
 + Level 8.2 Axes
 + Level 6.7 Maces & Flails
 + Level 6.7 Polearms
 + Level 6.7 Staves
 + Level 6.7 Slings
 + Level 6.7 Bows
 + Level 6.7 Crossbows
 + Level 6.7 Throwing
 + Level 7.2 Armour
 + Level 8.2 Dodging
 + Level 6.7 Stealth
   Level 0.0 Stabbing
 + Level 6.7 Shields
   Level 0.0 Traps
 + Level 6.7 Unarmed Combat
 + Level 8.4 Spellcasting
 + Level 6.7 Conjurations
 + Level 6.7 Hexes
 + Level 9.4 Charms
 + Level 6.7 Summonings
 + Level 6.7 Necromancy
 + Level 6.7 Translocations
 + Level 6.7 Transmutations
 + Level 6.7 Fire Magic
 + Level 6.7 Ice Magic
 + Level 6.7 Air Magic
 + Level 6.7 Earth Magic
 + Level 6.7 Poison Magic
 + Level 6.7 Invocations
 + Level 6.7 Evocations


You had 13 spell levels left.
You knew the following spells:

 Your Spells              Type           Power        Failure   Level  Hunger
c - Confuse               Hex            ######..     1%          3    None
g - Shroud of Golubria    Chrm/Tloc      ######....   1%          2    None
i - Infusion              Chrm           ####         1%          1    None
r - Regeneration          Chrm/Necr      ######....   1%          3    None
w - Spectral Weapon       Hex/Chrm       ######..     1%          3    None
y - Song of Slaying       Chrm           ######..     1%          2    None


Dungeon Overview and Level Annotations

Branches:
Dungeon (9/15)             Temple (1/1) D:6            Lair (0/6) D:8
    Orc (2/2) D:9
    Elf: Orc:2

Altars:
Ashenzari
Cheibriados
Dithmenos
Elyvilon
Fedhas
Gozag
Hepliaklqana
Kikubaaqudgha
Nemelex Xobeh
Qazlal
Ru
Sif Muna
Trog
Uskayaw
Vehumet
Wu Jian
Xom
Zin
The Shining One

Shops:
D:5 (   Orc:2 (


Innate Abilities, Weirdness & Mutations

Your experience applies equally to all skills.
You have very sharp teeth.
Your uncanny sense of smell can sniff out nearby items.


Message History

The orc warrior closely misses your spectral weapon.
Unknown command.
Really harm your spectral weapon?
You can feel time thicken for a moment.
You kill the orc warrior!
Cheibriados appreciates the change of pace.
Your spectral weapon fades away.
You kill the orc warrior!
Cheibriados appreciates the change of pace.
You kill the orc sorcerer!
Cheibriados appreciates the change of pace.
The hellwing disappears in a puff of smoke!
You feel somewhat more hungry.
Cheibriados lowers the support of your attributes as your movement quickens.
Your skin is crawling a little less now.
You hear a shout!
The orc warlord barely misses you.
Unknown command.
Casting: Spectral Weapon
Confirm with . or Enter, or press ? or * to list all spells.
You draw out your weapon's spirit!
The orc warrior shouts!
You hear a shout!
The orc warlord completely misses you.
You hit the orc warlord but do no damage.
You bite the orc warlord, but do no damage.
The orc warlord is severely wounded.
You hear a shout!
Your spectral weapon hits the orc warlord!!
Lightning courses through the orc warlord!
The orc warlord closely misses you.
You are lightly contaminated with residual magic.
An orc wizard and an orc sorcerer come into view.
Unknown command.
You slice the orc warlord!!
Lightning courses through the orc warlord!
You kill the orc warlord!
Cheibriados thoroughly appreciates the change of pace.
The orc wizard points at you and mumbles some strange words.
The orc warrior misses you.
Unknown command.
You flicker back into view.
Your skin stops crawling.
The orc warrior closely misses you. The orc warrior completely misses you.
Things that are here:
a dagger; a robe; an orc corpse Unknown command.
You slice the orc warrior!!
You kill the orc warrior!
Cheibriados thoroughly appreciates the change of pace.
You have reached level 12!
Your experience leads to an increase in your attributes!
Your base attributes are Str 14, Int 19, Dex 14.
Increase (S)trength, (I)ntelligence, or (D)exterity?
You feel clever. x2
You hit the orc warrior but do no damage.
You hear a shout!
The orc wizard begins to cast a cantrip, but forgets the words!
The orc warrior hits you but does no damage.
Unknown command.
An orc warrior comes into view. It is wielding a short sword.
The orc warrior shouts!
The orc sorcerer closely misses you.
The orc warrior hits you but does no damage.
The orc sorcerer casts a spell.
Found Masebboqe's Antique Weapon Emporium.
Unknown command.
You barely miss the orc wizard. You closely miss the orc sorcerer.
You barely miss the orc warrior.
You hear a shout!
Your spectral weapon barely misses the orc wizard.
Your spectral weapon hits the orc sorcerer!
The orc warrior hits you with a dire flail.
* * * LOW HITPOINT WARNING * * *
The orc wizard barely misses you. The orc sorcerer closely misses you.
The orc warrior barely misses you.
You hear a shout! x3
An orc warrior comes into view. It is wielding a war axe.
Unknown command.
You slice the orc wizard!!
You kill the orc wizard!
Cheibriados appreciates the change of pace.
You hit the orc warrior.
Lightning courses through the orc warrior!
You closely miss the orc sorcerer.
The orc sorcerer gestures at you while chanting.
You suddenly lose the ability to move!
The orc warrior hits you with a dire flail!
* * * LOW HITPOINT WARNING * * *
The orc hits you but does no damage. The sun demon completely misses you.
You hear a shout!
The orc sorcerer hits you but does no damage.
The sun demon hits you.
* * * LOW HITPOINT WARNING * * *
You are engulfed in flames!!
* * * LOW HITPOINT WARNING * * *
The orc hits you but does no damage.
The orc warrior hits you with a dire flail.
* * * LOW HITPOINT WARNING * * *
An orc comes into view. It is wielding a dagger.
The orc sorcerer hits you but does no damage.
The sun demon hits you!
You die...

........#.####
##.........#.##
##.........#...#
...$......#...##
..............##
........)......##
........))).......
.....#.o)))....##..
...o.†3@.).$..... .
.....oo().........
.....o....P......#
.........P........
o......P..P..P...
.................
......P.........
......P..8.∩...


You could see a sun demon, an orc sorcerer, 3 orc warriors, 2 orcs and a
friendly spectral battleaxe of electrocution.

Vanquished Creatures
  An orc warlord (Orc:2)
  A two-headed ogre (D:8)
  An orc high priest (Orc:2)
  2 orc knights
  Pikel (D:6)
  2 orc sorcerers (Orc:2)
  The ghost of Totori the Skirmisher, a novice GnWn of Okawaru (D:4)
  4 gargoyles (D:8)
  A troll (Orc:1)
  Sigmund (D:2)
  4 yaks (D:9)
  A spriggan (D:7)
  A warg (Orc:2)
  Edmund (D:6)
  A porcupine (D:8)
  A swamp drake (D:9)
  18 orc warriors
  4 slaves (D:6)
  2 ice beasts (D:6)
  10 ogres
  2 phantoms
  3 centaurs
  5 bullfrogs
  2 scorpions
  A water moccasin skeleton (D:6)
  4 killer bees (D:7)
  4 crimson imps
  A bullfrog zombie (D:5)
  A centaur zombie (D:9)
  A quasit (D:7)
  A centaur skeleton (D:7)
  A jelly (D:8)
  Crazy Yiuf (D:2)
  9 orc priests
  A gnoll shaman (D:5)
  4 hounds
  2 bullfrog skeletons (D:6)
  An iguana (D:6)
  13 orc wizards
  10 worker ants
  A killer bee zombie (D:5)
  A hound zombie (D:9)
  A hound skeleton (D:6)
  6 adders
  6 gnolls
  2 shadow imps
  An adder skeleton (D:7)
  3 worms
  2 dart slugs
  6 leopard geckos
  55 orcs
  3 giant cockroaches
  6 goblins
  4 hobgoblins (D:2)
  8 jackals (D:4)
  4 kobolds
  4 quokkas
  A ball python skeleton (D:5)
  A ball python zombie (D:5)
  3 bats
  4 frilled lizards
  2 leopard gecko skeletons
  A quokka skeleton (D:6)
  A quokka zombie (D:7)
  11 rats
  A spectral weapon (Orc:2)
263 creatures vanquished.

Vanquished Creatures (others)
  4 fungi (Orc:2)
  5 spectral weapons
9 creatures vanquished.

Grand Total: 272 creatures vanquished

Notes
Turn   | Place    | Note
-------+----------+-------------------------------------------
     0 | D:1      | tidbits the Gnoll Skald began the quest for the Orb.
     0 | D:1      | Reached XP level 1. HP: 20/20 MP: 6/6
    90 | D:1      | Reached XP level 2. HP: 26/26 MP: 3/7
    94 | D:1      | Learned a level 2 spell: Song of Slaying
    97 | D:1      | Learned a level 2 spell: Shroud of Golubria
   384 | D:2      | Found a runed door.
   390 | D:2      | Noticed Crazy Yiuf
   396 | D:2      | Killed Crazy Yiuf
   396 | D:2      | Reached skill level 5 in Spellcasting
   396 | D:2      | Reached XP level 3. HP: 31/31 MP: 2/9
   684 | D:2      | Reached skill level 1 in Short Blades
   684 | D:2      | Reached skill level 1 in Long Blades
   684 | D:2      | Reached skill level 1 in Maces & Flails
   684 | D:2      | Reached skill level 1 in Polearms
   684 | D:2      | Reached skill level 1 in Staves
   684 | D:2      | Reached skill level 1 in Slings
   684 | D:2      | Reached skill level 1 in Bows
   684 | D:2      | Reached skill level 1 in Crossbows
   684 | D:2      | Reached skill level 1 in Throwing
   684 | D:2      | Reached skill level 1 in Stealth
   684 | D:2      | Reached skill level 1 in Shields
   684 | D:2      | Reached skill level 1 in Unarmed Combat
   684 | D:2      | Reached skill level 1 in Conjurations
   684 | D:2      | Reached skill level 1 in Hexes
   684 | D:2      | Reached skill level 1 in Summonings
   684 | D:2      | Reached skill level 1 in Necromancy
   684 | D:2      | Reached skill level 1 in Translocations
   684 | D:2      | Reached skill level 1 in Transmutations
   684 | D:2      | Reached skill level 1 in Fire Magic
   684 | D:2      | Reached skill level 1 in Ice Magic
   684 | D:2      | Reached skill level 1 in Air Magic
   684 | D:2      | Reached skill level 1 in Earth Magic
   684 | D:2      | Reached skill level 1 in Poison Magic
   684 | D:2      | Reached skill level 1 in Invocations
   684 | D:2      | Reached skill level 1 in Evocations
   693 | D:2      | Reached XP level 4. HP: 36/38 MP: 4/11
   862 | D:2      | Noticed Sigmund
   888 | D:2      | Killed Sigmund
   888 | D:2      | Reached skill level 3 in Armour
   888 | D:2      | Reached XP level 5. HP: 13/43 MP: 0/12
   888 | D:2      | Reached XP level 6. HP: 16/50 MP: 0/13
   904 | D:2      | Learned a level 3 spell: Regeneration
   908 | D:2      | Learned a level 3 spell: Spectral Weapon
  1099 | D:2      | You fall through a shaft for 2 floors!
  1183 | D:4      | Reached skill level 5 in Fighting
  1183 | D:4      | Reached skill level 2 in Short Blades
  1183 | D:4      | Reached skill level 2 in Long Blades
  1183 | D:4      | Reached skill level 5 in Axes
  1183 | D:4      | Reached skill level 2 in Maces & Flails
  1183 | D:4      | Reached skill level 2 in Polearms
  1183 | D:4      | Reached skill level 2 in Staves
  1183 | D:4      | Reached skill level 2 in Slings
  1183 | D:4      | Reached skill level 2 in Bows
  1183 | D:4      | Reached skill level 2 in Crossbows
  1183 | D:4      | Reached skill level 2 in Throwing
  1183 | D:4      | Reached skill level 5 in Dodging
  1183 | D:4      | Reached skill level 2 in Stealth
  1183 | D:4      | Reached skill level 2 in Shields
  1183 | D:4      | Reached skill level 2 in Unarmed Combat
  1183 | D:4      | Reached skill level 2 in Conjurations
  1183 | D:4      | Reached skill level 2 in Hexes
  1183 | D:4      | Reached skill level 2 in Summonings
  1183 | D:4      | Reached skill level 2 in Necromancy
  1183 | D:4      | Reached skill level 2 in Translocations
  1183 | D:4      | Reached skill level 2 in Transmutations
  1183 | D:4      | Reached skill level 2 in Fire Magic
  1183 | D:4      | Reached skill level 2 in Ice Magic
  1183 | D:4      | Reached skill level 2 in Air Magic
  1183 | D:4      | Reached skill level 2 in Earth Magic
  1183 | D:4      | Reached skill level 2 in Poison Magic
  1183 | D:4      | Reached skill level 2 in Invocations
  1183 | D:4      | Reached skill level 2 in Evocations
  1326 | D:4      | Noticed Totori's ghost (novice GnWn)
  1349 | D:4      | Killed Totori's ghost
  1349 | D:4      | Reached skill level 7 in Charms
  1349 | D:4      | Reached XP level 7. HP: 29/56 MP: 4/15
  1427 | D:4      | Reached XP level 8. HP: 50/63 MP: 0/16
  1471 | D:4      | Reached skill level 3 in Short Blades
  1471 | D:4      | Reached skill level 3 in Long Blades
  1471 | D:4      | Reached skill level 3 in Maces & Flails
  1471 | D:4      | Reached skill level 3 in Polearms
  1471 | D:4      | Reached skill level 3 in Staves
  1471 | D:4      | Reached skill level 3 in Slings
  1471 | D:4      | Reached skill level 3 in Bows
  1471 | D:4      | Reached skill level 3 in Crossbows
  1471 | D:4      | Reached skill level 3 in Throwing
  1471 | D:4      | Reached skill level 4 in Armour
  1471 | D:4      | Reached skill level 3 in Stealth
  1471 | D:4      | Reached skill level 3 in Shields
  1471 | D:4      | Reached skill level 3 in Unarmed Combat
  1471 | D:4      | Reached skill level 3 in Conjurations
  1471 | D:4      | Reached skill level 3 in Hexes
  1471 | D:4      | Reached skill level 3 in Summonings
  1471 | D:4      | Reached skill level 3 in Necromancy
  1471 | D:4      | Reached skill level 3 in Translocations
  1471 | D:4      | Reached skill level 3 in Transmutations
  1471 | D:4      | Reached skill level 3 in Fire Magic
  1471 | D:4      | Reached skill level 3 in Ice Magic
  1471 | D:4      | Reached skill level 3 in Air Magic
  1471 | D:4      | Reached skill level 3 in Earth Magic
  1471 | D:4      | Reached skill level 3 in Poison Magic
  1471 | D:4      | Reached skill level 3 in Invocations
  1471 | D:4      | Reached skill level 3 in Evocations
  1696 | D:5      | Entered Level 5 of the Dungeon
  1774 | D:6      | Found a staircase to the Ecumenical Temple.
  1788 | Temple   | Entered the Ecumenical Temple
  1797 | Temple   | Became a worshipper of Cheibriados the Contemplative
  1850 | D:6      | Reached skill level 6 in Spellcasting
  1949 | D:6      | Got a fine golden ring
  1950 | D:6      | Identified the ring of Xom's Recklessness {MP+9 Str+4 SInv} (You found it on level 6 of the Dungeon)
  2052 | D:5      | Found Jirodot's Weapon Shop.
  2067 | D:5      | Reached * piety under Cheibriados
  2409 | D:6      | Found a hazy altar of Hepliaklqana.
  2426 | D:6      | Found a stormy altar of Qazlal.
  2427 | D:6      | Found a sparkling altar of Nemelex Xobeh.
  2428 | D:6      | Found a blossoming altar of Fedhas.
  2428 | D:6      | Found a shadowy altar of Dithmenos.
  2429 | D:6      | Found an ancient bone altar of Kikubaaqudgha.
  2431 | D:6      | Found a shattered altar of Ashenzari.
  2432 | D:6      | Found a sacrificial altar of Ru.
  2433 | D:6      | Found a glowing golden altar of the Shining One.
  2544 | D:6      | Reached skill level 6 in Fighting
  2544 | D:6      | Reached skill level 6 in Axes
  2544 | D:6      | Reached skill level 6 in Dodging
  2544 | D:6      | Reached XP level 9. HP: 53/69 MP: 18/18
  2624 | D:6      | Noticed Pikel
  2637 | D:6      | Killed Pikel
  2637 | D:6      | Reached skill level 4 in Short Blades
  2637 | D:6      | Reached skill level 4 in Long Blades
  2637 | D:6      | Reached skill level 4 in Maces & Flails
  2637 | D:6      | Reached skill level 4 in Polearms
  2637 | D:6      | Reached skill level 4 in Staves
  2637 | D:6      | Reached skill level 4 in Slings
  2637 | D:6      | Reached skill level 4 in Bows
  2637 | D:6      | Reached skill level 4 in Crossbows
  2637 | D:6      | Reached skill level 4 in Throwing
  2637 | D:6      | Reached skill level 4 in Stealth
  2637 | D:6      | Reached skill level 4 in Shields
  2637 | D:6      | Reached skill level 4 in Unarmed Combat
  2637 | D:6      | Reached skill level 4 in Conjurations
  2637 | D:6      | Reached skill level 4 in Hexes
  2637 | D:6      | Reached skill level 4 in Summonings
  2637 | D:6      | Reached skill level 4 in Necromancy
  2637 | D:6      | Reached skill level 4 in Translocations
  2637 | D:6      | Reached skill level 4 in Transmutations
  2637 | D:6      | Reached skill level 4 in Fire Magic
  2637 | D:6      | Reached skill level 4 in Ice Magic
  2637 | D:6      | Reached skill level 4 in Air Magic
  2637 | D:6      | Reached skill level 4 in Earth Magic
  2637 | D:6      | Reached skill level 4 in Poison Magic
  2637 | D:6      | Reached skill level 4 in Invocations
  2637 | D:6      | Reached skill level 4 in Evocations
  2643 | D:6      | Noticed Edmund
  2663 | D:6      | Killed Edmund
  2683 | D:6      | Reached ** piety under Cheibriados
  2683 | D:6      | Reached skill level 5 in Armour
  2925 | D:7      | Reached skill level 8 in Charms
  3033 | D:7      | Found a shadowy altar of Dithmenos.
  3210 | D:7      | Reached *** piety under Cheibriados
  3318 | D:7      | Reached XP level 10. HP: 67/77 MP: 20/20
  3322 | D:7      | Reached skill level 7 in Spellcasting
  3461 | D:8      | Found a hide-covered altar of Uskayaw.
  3625 | D:9      | Reached skill level 5 in Short Blades
  3625 | D:9      | Reached skill level 5 in Long Blades
  3625 | D:9      | Reached skill level 5 in Maces & Flails
  3625 | D:9      | Reached skill level 5 in Polearms
  3625 | D:9      | Reached skill level 5 in Staves
  3625 | D:9      | Reached skill level 5 in Slings
  3625 | D:9      | Reached skill level 5 in Bows
  3625 | D:9      | Reached skill level 5 in Crossbows
  3625 | D:9      | Reached skill level 5 in Throwing
  3625 | D:9      | Reached skill level 5 in Stealth
  3625 | D:9      | Reached skill level 5 in Shields
  3625 | D:9      | Reached skill level 5 in Unarmed Combat
  3625 | D:9      | Reached skill level 5 in Conjurations
  3625 | D:9      | Reached skill level 5 in Hexes
  3625 | D:9      | Reached skill level 5 in Summonings
  3625 | D:9      | Reached skill level 5 in Necromancy
  3625 | D:9      | Reached skill level 5 in Translocations
  3625 | D:9      | Reached skill level 5 in Transmutations
  3625 | D:9      | Reached skill level 5 in Fire Magic
  3625 | D:9      | Reached skill level 5 in Ice Magic
  3625 | D:9      | Reached skill level 5 in Air Magic
  3625 | D:9      | Reached skill level 5 in Earth Magic
  3625 | D:9      | Reached skill level 5 in Poison Magic
  3625 | D:9      | Reached skill level 5 in Invocations
  3625 | D:9      | Reached skill level 5 in Evocations
  3673 | D:8      | Reached **** piety under Cheibriados
  3733 | D:8      | Noticed a gargoyle
  3741 | D:8      | Killed a gargoyle
  3741 | D:8      | Reached skill level 7 in Fighting
  3741 | D:8      | Reached skill level 7 in Axes
  3741 | D:8      | Reached skill level 7 in Dodging
  3748 | D:8      | Learned a level 3 spell: Confuse
  3755 | D:8      | Noticed a gargoyle
  3764 | D:8      | Killed a gargoyle
  3773 | D:8      | Noticed a gargoyle
  3775 | D:8      | Killed a gargoyle
  3775 | D:8      | Reached skill level 6 in Armour
  3785 | D:8      | Noticed a gargoyle
  3799 | D:8      | Killed a gargoyle
  3910 | D:8      | Noticed a death yak
  3911 | D:8      | Noticed a death yak
  3920 | D:8      | Noticed a death yak
  3932 | D:8      | Noticed a two-headed ogre
  3992 | D:8      | Killed a two-headed ogre
  3992 | D:8      | Reached XP level 11. HP: 80/84 MP: 22/22
  4066 | D:8      | Found a staircase to the Lair.
  4231 | D:9      | Found a staircase to the Orcish Mines.
  4278 | Orc:1    | Entered Level 1 of the Orcish Mines
  4291 | Orc:1    | Reached skill level 9 in Charms
  4357 | Orc:1    | Reached skill level 6 in Short Blades
  4357 | Orc:1    | Reached skill level 6 in Long Blades
  4357 | Orc:1    | Reached skill level 6 in Maces & Flails
  4357 | Orc:1    | Reached skill level 6 in Polearms
  4357 | Orc:1    | Reached skill level 6 in Staves
  4357 | Orc:1    | Reached skill level 6 in Slings
  4357 | Orc:1    | Reached skill level 6 in Bows
  4357 | Orc:1    | Reached skill level 6 in Crossbows
  4357 | Orc:1    | Reached skill level 6 in Throwing
  4357 | Orc:1    | Reached skill level 6 in Stealth
  4357 | Orc:1    | Reached skill level 6 in Shields
  4357 | Orc:1    | Reached skill level 6 in Unarmed Combat
  4357 | Orc:1    | Reached skill level 6 in Conjurations
  4357 | Orc:1    | Reached skill level 6 in Hexes
  4357 | Orc:1    | Reached skill level 6 in Summonings
  4357 | Orc:1    | Reached skill level 6 in Necromancy
  4357 | Orc:1    | Reached skill level 6 in Translocations
  4357 | Orc:1    | Reached skill level 6 in Transmutations
  4357 | Orc:1    | Reached skill level 6 in Fire Magic
  4357 | Orc:1    | Reached skill level 6 in Ice Magic
  4357 | Orc:1    | Reached skill level 6 in Air Magic
  4357 | Orc:1    | Reached skill level 6 in Earth Magic
  4357 | Orc:1    | Reached skill level 6 in Poison Magic
  4357 | Orc:1    | Reached skill level 6 in Invocations
  4357 | Orc:1    | Reached skill level 6 in Evocations
  4390 | Orc:1    | Reached ***** piety under Cheibriados
  4540 | Orc:1    | Noticed an orc knight
  4555 | Orc:1    | Killed an orc knight
  4555 | Orc:1    | Reached skill level 8 in Spellcasting
  4604 | Orc:2    | Entered Level 2 of the Orcish Mines
  4638 | Orc:2    | Noticed an orc knight
  4645 | Orc:2    | Noticed an orc warlord
  4649 | Orc:2    | Noticed an orc high priest
  4650 | Orc:2    | Noticed an orc sorcerer
  4655 | Orc:2    | Noticed a sixfirhy
  4655 | Orc:2    | Noticed a sun demon
  4658 | Orc:2    | Noticed an orc sorcerer
  4658 | Orc:2    | Killed an orc sorcerer
  4662 | Orc:2    | Killed an orc knight
  4662 | Orc:2    | Killed an orc high priest
  4662 | Orc:2    | Reached skill level 8 in Fighting
  4662 | Orc:2    | Reached skill level 8 in Axes
  4662 | Orc:2    | Reached skill level 7 in Armour
  4662 | Orc:2    | Reached skill level 8 in Dodging
  4664 | Orc:2    | Killed an orc sorcerer
  4667 | Orc:2    | Noticed an orc sorcerer
  4667 | Orc:2    | Killed an orc warlord
  4669 | Orc:2    | Reached XP level 12. HP: 46/93 MP: 24/24
  4670 | Orc:2    | Found Masebboqe's Antique Weapon Emporium.
  4671 | Orc:2    | Noticed a sun demon
  4672 | Orc:2    | Paralysed by an orc sorcerer for 4 turns
  4673 | Orc:2    | HP: 8/93 [orc warrior/dire flail (5)]
  4674 | Orc:2    | Slain by a sun demon

Vault maps used:
D:1:      dpeg_arrival_boxorama
D:2:      minmay_diamond_boxcup, uniq_sigmund, uniq_crazy_yiuf_cottage
D:3:      first_bread
D:5:      serial_shops, shop
D:6:      lemuel_coloured_pillars_altar, minitemple, temple_statues, uniq_pikel,
          uniq_edmund
D:7:      the_bakery, grunt_dithmenos_shadows
D:8:      cheibrodos_statue_roulette, nicolae_overflow_crystal_walls,
          dpeg_lair_monsters
D:9:      lemuel_doored_altar, erik_orc_1, serial_undead, serial_undead_f,
          serial_undead_f, serial_undead_e, serial_undead_f, serial_undead_a,
          grunt_ministairs_3, uniq_joseph
Temple:   eino_temple_lava
Orc:2:    grunt_orc_gardens, grunt_orc_garden, grunt_orc_garden,
          grunt_orc_garden, grunt_orc_garden

Skill      XL: |  1  2  3  4  5  6  7  8  9 10 11 |
---------------+----------------------------------+-----
Spellcasting   | 5 6 7 8 |  8.4
Short Blades   | 1 2 3 4 5 6 |  6.7
Long Blades    | 1 2 3 4 5 6 |  6.7
Maces & Flails | 1 2 3 4 5 6 |  6.7
Polearms       | 1 2 3 4 5 6 |  6.7
Staves         | 1 2 3 4 5 6 |  6.7
Slings         | 1 2 3 4 5 6 |  6.7
Bows           | 1 2 3 4 5 6 |  6.7
Crossbows      | 1 2 3 4 5 6 |  6.7
Throwing       | 1 2 3 4 5 6 |  6.7
Stealth        | 1 2 3 4 5 6 |  6.7
Shields        | 1 2 3 4 5 6 |  6.7
Unarmed Combat | 1 2 3 4 5 6 |  6.7
Conjurations   | 1 2 3 4 5 6 |  6.7
Hexes          | 1 2 3 4 5 6 |  6.7
Summonings     | 1 2 3 4 5 6 |  6.7
Necromancy     | 1 2 3 4 5 6 |  6.7
Translocations | 1 2 3 4 5 6 |  6.7
Transmutations | 1 2 3 4 5 6 |  6.7
Fire Magic     | 1 2 3 4 5 6 |  6.7
Ice Magic      | 1 2 3 4 5 6 |  6.7
Air Magic      | 1 2 3 4 5 6 |  6.7
Earth Magic    | 1 2 3 4 5 6 |  6.7
Poison Magic   | 1 2 3 4 5 6 |  6.7
Invocations    | 1 2 3 4 5 6 |  6.7
Evocations     | 1 2 3 4 5 6 |  6.7
Armour         | 3 4 5 6 7 |  7.2
Fighting       | 5 6 7 8 |  8.2
Axes           | 5 6 7 8 |  8.2
Dodging        | 5 6 7 8 |  8.2
Charms         | 7 8 9 |  9.4

Action                   |  1- 3 |  4- 6 |  7- 9 | 10-12 || total
-------------------------+-------+-------+-------+-------++-------
Melee: Hand axe          |    48 |    92 |   254 |       ||   394
       Bite              |     3 |     8 |    48 |    47 ||   106
       Quarterstaff      |       |     4 |    76 |       ||    80
       Punch             |       |     1 |     6 |       ||     7
       Unarmed           |       |       |     2 |       ||     2
       Flail             |       |       |    31 |   157 ||   188
       Battleaxe         |       |       |       |    41 ||    41
       War axe           |       |       |       |    14 ||    14
Throw: Tomahawk          |       |       |       |     4 ||     4
       Stone             |       |       |       |     1 ||     1
 Cast: Infusion          |    10 |     4 |     6 |       ||    20
       Shroud of Golubri |     1 |     3 |     9 |    13 ||    26
       Spectral Weapon   |       |     4 |    27 |    30 ||    61
       Regeneration      |       |     2 |    13 |    21 ||    36
       Song of Slaying   |       |       |       |     1 ||     1
Invok: Bend Time         |       |       |       |     7 ||     7
       Slouch            |       |       |       |     3 ||     3
 Abil: Evoke Invisibilit |       |       |     1 |     1 ||     2
Evoke: Wand              |       |       |     4 |       ||     4
  Use: Scroll            |       |     5 |     6 |     3 ||    14
       Potion            |       |     1 |       |     2 ||     3
 Stab: Distracted        |       |     1 |     3 |     2 ||     6
       Sleeping          |       |       |     5 |     2 ||     7
       Invisible         |       |       |     2 |     7 ||     9
  Eat: Chunk             |       |     2 |     6 |     3 ||    11
       Fruit             |       |       |       |     1 ||     1
Armor: Ring mail         |    15 |    23 |   132 |    21 ||   191
       Leather armour    |     1 |       |       |       ||     1
       Scale mail        |       |       |       |    38 ||    38
Dodge: Dodged            |    29 |    40 |   256 |   210 ||   535
Block: Buckler           |       |       |    31 |    69 ||   100

Table legend:
 A = Spawn XP
 B = Non-spawn XP
 C = Spawn XP percentage of total XP
 D = Spawn monster count
 E = Non-spawn monster count
 F = Spawn count percentage of total count
 G = Total turns spent on level
                    A         B        C        D         E        F      G
               +---------+---------+-------+---------+---------+-------+---------
         Total |       0 |   18442 |   0.0 |       0 |     258 |   0.0 |  4674
               +---------+---------+-------+---------+---------+-------+---------
           D:1 |       0 |      26 |   0.0 |       0 |      15 |   0.0 |   354
           D:2 |       0 |     312 |   0.0 |       0 |      22 |   0.0 |   588
           D:3 |       0 |       8 |   0.0 |       0 |       5 |   0.0 |   274
           D:4 |       0 |    1183 |   0.0 |       0 |      40 |   0.0 |   484
           D:5 |       0 |     319 |   0.0 |       0 |      19 |   0.0 |   380
           D:6 |       0 |    1603 |   0.0 |       0 |      27 |   0.0 |   685
           D:7 |       0 |    1506 |   0.0 |       0 |      31 |   0.0 |   653
           D:8 |       0 |    3768 |   0.0 |       0 |      25 |   0.0 |   635
           D:9 |       0 |    1589 |   0.0 |       0 |      25 |   0.0 |   181
         Orc:1 |       0 |    2453 |   0.0 |       0 |      26 |   0.0 |   326
         Orc:2 |       0 |    5675 |   0.0 |       0 |      23 |   0.0 |    70
               +---------+---------+-------+---------+---------+-------+---------

Table legend:
 A = Turns spent in this place as a percentage of turns spent in the entire game.
 B = Non-inter-level travel turns spent in this place as a percentage of non-inter-level travel turns spent in the entire game.
 C = Inter-level travel turns spent in this place as a percentage of turns spent in this place.
 D = Turns resting spent in this place as a percentage of non-inter-level travel turns spent in this place.
 E = Turns spent auto-exploring this place as a percentage of non-inter-level travel turns spent in this place.
 F = Non-inter-level travel turns spent in this place divided by the number of levels of this place that you've seen.
                   A       B       C       D       E      F
               +-------+-------+-------+-------+-------+----------------------
         Total | 100.0 | 100.0 |   6.2 |   0.0 |   0.0 | 365.5
       Dungeon |  90.6 |  90.8 |   6.0 |   0.0 |   0.0 | 442.3
        Temple |   0.9 |   0.8 |  18.2 |   0.0 |   0.0 |  36.0
  Orcish Mines |   8.5 |   8.4 |   6.8 |   0.0 |   0.0 | 184.5
               +-------+-------+-------+-------+-------+----------------------

Table legend:
 A = Kills in this place as a percentage of kills in entire the game.
 B = Kills by you in this place as a percentage of kills by you in the entire game.
 C = Kills by friends in this place as a percentage of kills by friends in the entire game.
 D = Other kills in this place as a percentage of other kills in the entire game.
 E = Experience gained in this place as a percentage of experience gained in the entire game.
 F = Experience gained in this place divided by the number of levels of this place that you have seen.
                   A       B       C       D       E      F
               +-------+-------+-------+-------+-------+----------------------
         Total | 100.0 | 100.0 |   N/A |   N/A | 100.0 | 1536.8
       Dungeon |  81.0 |  81.0 |   N/A |   N/A |  55.9 | 1146.0
  Orcish Mines |  19.0 |  19.0 |   N/A |   N/A |  44.1 | 4064.0
               +-------+-------+-------+-------+-------+----------------------

Vault maps used:
D:1:      dpeg_arrival_boxorama
D:2:      minmay_diamond_boxcup, uniq_sigmund, uniq_crazy_yiuf_cottage
D:3:      first_bread
D:5:      serial_shops, shop
D:6:      lemuel_coloured_pillars_altar, minitemple, temple_statues, uniq_pikel,
          uniq_edmund
D:7:      the_bakery, grunt_dithmenos_shadows
D:8:      cheibrodos_statue_roulette, nicolae_overflow_crystal_walls,
          dpeg_lair_monsters
D:9:      lemuel_doored_altar, erik_orc_1, serial_undead, serial_undead_f,
          serial_undead_f, serial_undead_e, serial_undead_f, serial_undead_a,
          grunt_ministairs_3, uniq_joseph
Temple:   eino_temple_lava
Orc:2:    grunt_orc_gardens, grunt_orc_garden, grunt_orc_garden,
          grunt_orc_garden, grunt_orc_garden
